 Dungeon Crawl Stone Soup version 0.24.1-14-gf8d2b509d9 (webtiles) character file.

Game seed: 13112718009602252847, levelgen mode: deterministic

125 Mrkan the Poker (level 5, -5/42 HPs)
             Began as a Merfolk Abyssal Knight on May 23, 2020.
             Was a Believer of Lugonu.
             Killed from afar by Natasha (9 damage)
             ... with a magic dart
             ... on level 2 of the Dungeon.
             The game lasted 00:02:51 (2189 turns).

Mrkan the Poker (Merfolk Abyssal Knight)            Turns: 2189, Time: 00:02:51

Health: -5/42      AC:  3    Str: 11 (12) XL:     5   Next: 9%
Magic:  6/7        EV: 13    Int:  8 (11) God:    Lugonu [**....]
Gold:   68         SH:  0    Dex: 14 (15) Spells: 4/4 levels left

rFire    . . .     SeeInvis .   a - +1 spear
rCold    . . .     Gourm    .   (no shield)
rNeg     . . .     Faith    .   b - +0 leather armour
rPois    .         Spirit   .   (no helmet)
rElec    .         Reflect  .   (no cloak)
rCorr    .         Harm     .   (no gloves)
MR       .....                  (no boots)
Stlth    +.........             (no amulet)
HPRegen  0.14/turn              (no ring)
MPRegen  0.10/turn              (no ring)

@: no status effects
A: change form in water, swift swim, stealthy swim, [deterioration 1]
a: Depart the Abyss, Bend Space, Renounce Religion


You were on level 2 of the Dungeon.
You worshipped Lugonu.
Lugonu was pleased with you.
You were not hungry.

You visited 1 branch of the dungeon, and saw 2 of its levels.
You visited the Abyss 1 time.

You collected 68 gold pieces.

Inventory:

Hand Weapons
 a - a +1 spear (weapon)
Missiles
 f - 6 silver javelins (quivered)
Armour
 b - a +0 leather armour (worn)
 k - a +0 shield
Scrolls
 e - a scroll of magic mapping {unknown}
 g - 2 scrolls of fear {unknown}
 h - a scroll of fog {unknown}
 i - a scroll of random uselessness {unknown}
 l - 2 scrolls of remove curse {unknown}
Potions
 d - a potion of heal wounds {unknown}
 j - 2 potions of brilliance {unknown}
 m - a potion of curing {unknown}
Comestibles
 c - a ration


   Skills:
 + Level 3.9 Fighting
 * Level 5.0 Polearms
 + Level 1.4 Armour
 + Level 3.6 Dodging
 + Level 2.7 Invocations


You had 4 spell levels left.
You didn't know any spells.
Your spell library was empty.

Dungeon Overview and Level Annotations

Branches:
Dungeon (2/15)

Altars:
Ashenzari
Zin

Annotations:
D:2 Natasha


Innate Abilities, Weirdness & Mutations

You revert to your normal form in water.
You are very nimble and swift while swimming.
You are very stealthy in the water. (Stealth+)
[Your body sometimes deteriorates upon taking damage.]


Message History

You closely miss Natasha.
Natasha is moderately wounded.
You closely miss Natasha.
Natasha is moderately wounded.
Natasha claws you.
* * * LOW HITPOINT WARNING * * *
You hit Natasha.
Natasha is heavily wounded.
Natasha closely misses you.
You miss Natasha.
Natasha is heavily wounded.
Natasha misses you.
You completely miss Natasha.
Natasha is heavily wounded.
Natasha misses you.
You hit Natasha but do no damage.
Natasha is heavily wounded.
Natasha casts a spell at you. The magic dart hits you!
You die...

####......####### ##
#....####........ .. ##...
#..#####.
#.##...######..#####. #. .....
#.........#.
###.##...###.##..###.#.
#................# #.#.
#.#.###.####.###.###.#.
#.#...@......# #....... #.
#.#####h###### #####.## #.#
#.# ##...## #.....# #.###
#.###.....## #.#####
##.#.###..........## #..##
#........#.........####...####
#........'.h.......'..........
#.....##.#.........####...####
#..#.###.##.......## #..##


You could see Natasha.

Vanquished Creatures
  Natasha (twice) (D:2)
  3 adders (D:2)
  A leopard gecko (D:1)
  A ball python (D:1)
  2 giant cockroaches (D:1)
  8 goblins (D:1)
  5 hobgoblins (D:1)
  4 jackals
  5 bats (D:1)
  3 frilled lizards
  3 kobolds
  14 rats
51 creatures vanquished.

Notes
Turn   | Place    | Note
-------+----------+-------------------------------------------
     0 | Abyss:1  | Mrkan the Merfolk Abyssal Knight began the quest for the
                  | Orb.
     0 | Abyss:1  | Reached XP level 1. HP: 18/18 MP: 2/2
    40 | Abyss:2  | Noticed a wretched star
    42 | Abyss:2  | Noticed a smoke demon
    43 | D:1      | Escaped the Abyss
    84 | D:1      | Reached * piety under Lugonu
    88 | D:1      | Reached XP level 2. HP: 12/24 MP: 3/3
   821 | D:1      | Found a shattered altar of Ashenzari.
   828 | D:1      | Reached skill level 1 in Armour
   952 | D:1      | Reached XP level 3. HP: 28/29 MP: 4/4
  1165 | D:1      | Reached skill level 4 in Polearms
  1381 | D:2      | Noticed Natasha
  1403 | D:2      | Killed Natasha
  1403 | D:2      | Reached XP level 4. HP: 22/37 MP: 5/5
  1657 | D:2      | Reached ** piety under Lugonu
  1727 | D:2      | Found a glowing silver altar of Zin.
  2164 | D:2      | Noticed Natasha
  2175 | D:2      | Killed Natasha
  2175 | D:2      | Reached skill level 5 in Polearms
  2175 | D:2      | Reached XP level 5. HP: 10/42 MP: 5/7
  2176 | D:2      | Noticed Natasha
  2189 | D:2      | Killed from afar by Natasha

Levels and vault maps discovered:
D:1:      sevenhm_arrival_forest_fort_small_4, layout_loops_ring,
          minmay_misc_feat_enclosed, ashenzari_altar_1
D:2:      layout_loops_corners, nicolae_overflow_crystal_walls,
          minmay_rat_gold_closets, uniq_natasha

Skill      XL: |  1  2  3  4 |
---------------+-------------+-----
Dodging        | 3 |  3.6
Armour         | 1 |  1.4
Polearms       | 4 5 |  5.0
Fighting       | |  3.9
Invocations    | |  2.7

Action                   |  1- 3 |  4- 6 || total
-------------------------+-------+-------++-------
Melee: Spear             |   129 |    53 ||   182
       Unarmed           |    12 |       ||    12
Invok: Depart the Abyss  |     1 |       ||     1
 Stab: Sleeping          |       |     3 ||     3
  Eat: Chunk             |     2 |     2 ||     4
Armor: Leather armour    |    28 |     8 ||    36
Dodge: Dodged            |    93 |    23 ||   116
